 Dungeon Crawl Stone Soup version 0.30-a0-414-gcb316572d5 (webtiles) character file.

Game seed: 10912119307596959597

216 Strat the Chopper (level 6, -7/51 HPs)
             Began as a Meteoran Gladiator on Dec 7, 2022.
             Was a Follower of Uskayaw.
             Mangled by an orc
             ... wielding a +1 trident of protection
              (8 damage)
             ... on level 4 of the Dungeon.
             The game lasted 00:07:35 (1381 turns).

Strat the Chopper (Meteoran Gladiator)              Turns: 1381, Time: 00:07:36

Health: -7/51      AC:  4    Str: 17    XL:     6   Next: 39%
Magic:  7/7        EV: 13    Int: 10    God:    Uskayaw [*.....]
Gold:   207        SH:  0    Dex: 16    Spells: 5/5 levels left

rFire   . . .      SeeInvis .    a - +0 war axe
rCold   . . .      Faith    .    (no shield)
rNeg    . . .      Spirit   .    b - +0 leather armour
rPois   .          Reflect  .    c - +0 helmet
rElec   .          Harm     .    (no cloak)
rCorr   .          Rampage  .    (no gloves)
Will    .....                    (no boots)
Stlth   +.........               (no amulet)
HPRegen 0.28/turn                (no ring)
MPRegen 0.10/turn                (no ring)

@: glowing
A: sense surroundings 1, otherworldly, glowing, explore regen
a: Renounce Religion, Stomp


You were on level 4 of the Dungeon.
You worshipped Uskayaw.
Uskayaw was noncommittal.
You visited 1 branch of the dungeon, and saw 5 of its levels.

You collected 207 gold pieces.

Inventory:

Hand Weapons
 a - a +0 war axe (weapon)
 k - a +0 sling
Missiles
 d - 3 throwing nets (quivered)
 e - a javelin
Armour
 b - a +0 leather armour (worn)
 c - a +0 helmet (worn)
Jewellery
 f - a ring of magical power
Wands
 n - a wand of acid (6)
Scrolls
 i - 2 scrolls of fog
Potions
 g - 2 potions of attraction
 h - a potion of flight {unknown}
 j - a potion of mutation {unknown}
 p - a potion of haste {unknown}


   Skills:
 + Level 3.3 Fighting
 + Level 6.6 Axes
 - Level 2.4 Throwing
 + Level 2.4 Armour
 - Level 3.6 Dodging


You had 5 spell levels left.
You didn't know any spells.
Your spell library contained the following spells:

 Spells                   Type           Power      Damage    Failure   Level
 Magic Dart               Conj           0%         1d3       41%         1
 Searing Ray              Conj           0%         2d4       56%         2
 Gell's Gravitas          Tloc           0%         N/A       80%         3
 Ignite Poison            Fire/Tmut/Pois 0%         N/A       80%         3
 Kindle Blastsparks       Fire/Tloc/Air  0%         2d10      80%         3
 Lesser Beckoning         Tloc           0%         N/A       80%         3
 Teleport Other           Tloc           0%         N/A       80%         3
 Fulminant Prism          Conj/Hex       0%         3d5       99%         4
 Freezing Cloud           Conj/Ice/Air   0%         6-21      100%        5


Dungeon Overview and Level Annotations

Branches:
Dungeon (5/15) Zot: 1579
 Temple: D:4-7

Altars:
Cheibriados
Elyvilon
Nemelex Xobeh
Uskayaw
Xom

Shops:
D:1 [*

Annotations:
D:5 Menkaure


Innate Abilities, Weirdness & Mutations

You passively map a small area around you.
You are easily found by Zot.
You glow in the dark.
You regain HP and MP as you explore.


Message History

* * * LOW HITPOINT WARNING * * *
You hit the orc but do no damage. The orc closely misses you.
You completely miss the orc. The orc barely misses you.
The orc hits you from afar with a +1 trident of protection.
* * * LOW HITPOINT WARNING * * *
You slash the orc!
You kill the orc!
The orc hits you from afar with a +1 trident of protection.
* * * LOW HITPOINT WARNING * * *
Things that are here:
a +0 club; an orc corpse The orc hits you from afar with a +1 trident of protection.
* * * LOW HITPOINT WARNING * * *
You closely miss the orc. The orc hits you but does no damage.
The orc hits you from afar with a +1 trident of protection.
* * * LOW HITPOINT WARNING * * *
You hit the orc but do no damage. The orc closely misses you. x2
The orc hits you with a +0 club.
* * * LOW HITPOINT WARNING * * *
The orc hits you from afar with a +1 trident of protection!
* * * LOW HITPOINT WARNING * * *
You completely miss the orc.
The orc hits you from afar with a +1 trident of protection.
* * * LOW HITPOINT WARNING * * *
The orc misses you.
The orc hits you with a +1 trident of protection.
* * * LOW HITPOINT WARNING * * *
You hit the orc but do no damage. Your punch misses the orc.
You hit the orc but do no damage. The orc hits you with a +0 club.
* * * LOW HITPOINT WARNING * * *
The orc hits you with a +1 trident of protection.
* * * LOW HITPOINT WARNING * * *
You barely miss the orc. You hit the orc. The orc misses you.
The orc closely misses you.
You hit the orc.
The orc is lightly wounded.
You slash the orc!
You kill the orc!
The orc hits you with a +1 trident of protection!
You die...

#.# #.#..###********
..# ##.#....,,,,,,,,*
###
#####.....#********,*
#########.........#
*,*
..........###....#*
*,*
#########......#.#
*,* #.......#.#######
*,* #.#.#...).).....#
*,* #...##.##@####..#
*,* ##._)#..##o# *,,#
*,* ##
##......###o###*,.#
*,* .# #...#.###
#...##..# *,* .#
#.....#
#....#..###*,* .#
#...###
#..........,,* .#
#.### ##...#..##****
.# #.# ##.##,.# .#
#.# ###.#*,,#*****


You could see 2 orcs.

Vanquished Creatures
  An ogre (D:4)
  3 lemures (D:4)
  6 adders
  A worm (D:3)
  2 dart slugs (D:3)
  6 orcs (D:4)
  5 ball pythons
  An endoplasm (D:4)
  A giant cockroach (D:1)
  2 goblins
  4 hobgoblins
  4 jackals (D:3)
  2 quokkas
  2 bats
  3 frilled lizards
  A kobold (D:3)
  A rat (D:1)
45 creatures vanquished.

Vanquished Creatures (collateral kills)
  An iguana (D:4)
  An endoplasm (D:4)
  A giant cockroach (D:4)
3 creatures vanquished.

Vanquished Creatures (others)
  An angel (D:4)
  3 plants (D:3)
4 creatures vanquished.

Grand Total: 52 creatures vanquished

Notes
Turn   | Place    | Note
-------+----------+-------------------------------------------
     0 | D:1      | Strat the Meteoran Gladiator began the quest for the Orb.
     0 | D:1      | Reached XP level 1. HP: 17/17 MP: 2/2
    33 | D:1      | Found Udepel's Antique Armour Shop.
    52 | D:1      | Found Sogeij Naurch's Assorted Antiques.
   311 | D:2      | Reached skill level 4 in Axes
   312 | D:2      | Reached XP level 2. HP: 24/24 MP: 3/3
   422 | D:2      | Reached XP level 3. HP: 29/29 MP: 4/4
   431 | D:2      | Identified the +6 dagger "Faqus" {vorpal, rF+ Dex+3}
   458 | D:2      | Reached skill level 5 in Axes
   507 | D:3      | Reached XP level 4. HP: 34/36 MP: 5/5
   542 | D:3      | Found a hide-covered altar of Uskayaw.
   546 | D:3      | Found a snail-covered altar of Cheibriados.
   613 | D:3      | Became a worshipper of Uskayaw the Reveller
   619 | D:3      | Found a faded altar of an unknown god.
   659 | D:3      | Reached * piety under Uskayaw
   711 | D:3      | Found a white marble altar of Elyvilon.
   721 | D:3      | Reached ** piety under Uskayaw
   770 | D:3      | Reached skill level 6 in Axes
   804 | D:3      | Reached XP level 5. HP: 41/41 MP: 6/6
   807 | D:3      | Reached *** piety under Uskayaw
   933 | D:4      | Reached skill level 1 in Armour
   976 | D:4      | Found a shimmering altar of Xom.
   979 | D:4      | Noticed an angel
   985 | D:4      | Noticed an ogre
   993 | D:4      | Killed an ogre
   994 | D:4      | Reached XP level 6. HP: 51/51 MP: 7/7
  1092 | D:4      | Killed an angel
  1206 | D:5      | Entered Level 5 of the Dungeon
  1206 | D:5      | Noticed Menkaure
  1206 | D:5      | Noticed a centaur
  1206 | D:5      | Noticed a black bear
  1228 | D:4      | Found a sparkling altar of Nemelex Xobeh.
  1379 | D:4      | HP: 1/51 [orc/+1 trident of protection (2)]
  1381 | D:4      | Mangled by an orc

Illustrated notes

Levels and vault maps discovered:
D:1:      moated_graveyard_arrival, layout_basic, serial_shops, shop_statue,
          shop_coins, shop_statue, nicolae_shop_advertising_works
          [nicolae_subvault_shop_adworks],
          nicolae_shop_temple_entry_statues_fountains
D:2:      layout_rooms
D:3:      layout_basic, elyvilon_altar_5, general_overflow_altar,
          grunt_temple_overflow_open, shapermc_ecumenical_altar_mp_ritualfount
D:4:      layout_loops_ring, grunt_temple_overflow_order_and_chaos_1,
          nicolae_wu_jian_immortal_techniques, mainiacjoe_overflow_tiny_flanked,
          uniq_pikel
D:5:      layout_basic, gammafunk_ghost_gnarly_gnolls, st_stairs_6, minivault_4,
          uniq_menkaure

Skill      XL: |  1  2  3  4  5 |
---------------+----------------+-----
Axes           | 4 5 6 |  6.6
Armour         | 2 |  2.4
Fighting       | 3 |  3.3
Throwing       | |  2.4
Dodging        | |  3.6

Action                   |  1- 3 |  4- 6 || total
-------------------------+-------+-------++-------
Melee: War axe           |    38 |   141 ||   179
       Punch             |     1 |     2 ||     3
Evoke: Wand              |       |     2 ||     2
  Use: Scroll            |       |     7 ||     7
       Potion            |       |     4 ||     4
 Stab: Paralysed         |       |     1 ||     1
Armor: Leather armour    |    23 |    36 ||    59
Dodge: Dodged            |    25 |    88 ||   113

Table legend: (Time is in decaauts)
 A = Elapsed time spent in this place.
 B = Non-inter-level travel time spent in this place.
 C = Inter-level travel time spent in this place.
 D = Time resting spent in this place.
 E = Time spent auto-exploring this place.
 F = Levels seen in this place.
 G = Mean time per level.
                   A        B        C        D        E       F      G
               +--------+--------+--------+--------+--------+-----+--------+
         Total |   1419 |   1247 |    172 |      0 |      0 |   5 |  283.8 |
       Dungeon |   1419 |   1247 |    172 |      0 |      0 |   5 |  283.8 |
               +--------+--------+--------+--------+--------+-----+--------+

Top non-repeatable levels by time:
     D:4: 474 daAuts
     D:3: 441 daAuts
     D:1: 303 daAuts
     D:2: 198 daAuts
     D:5: 1 daAuts
